 Dungeon Crawl Stone Soup version 0.25.1-11-g244df3a29b (webtiles) character file.

Game seed: 306415029141993380

34 Mickster the Shooter (level 3, 0/28 HPs)
             Began as a Centaur Arcane Marksman on Feb 15, 2023.
             Slain by Sigmund
             ... wielding a +1 vampiric scythe
              (2 damage)
             ... on level 2 of the Dungeon.
             The game lasted 00:24:24 (1538 turns).

Mickster the Shooter (Centaur Arcane Marksman)      Turns: 1538, Time: 00:24:25

Health: 0/28       AC:  9    Str: 12    XL:     3   Next: 14%
Magic:  4/4        EV:  7    Int: 12    God:
Gold:   69         SH:  0    Dex: 10    Spells: 3/4 levels left

rFire    . . .     SeeInvis .   b - +1 short sword
rCold    . . .     Gourm    .   (no shield)
rNeg     . . .     Faith    .   g - +1 leather armour
rPois    .         Spirit   .   (no helmet)
rElec    .         Reflect  .   (no cloak)
rCorr    .         Harm     .   (no gloves)
MR       .....                  j - +0 centaur barding
Stlth    ..........             (no amulet)
HPRegen  0.09/turn              (no ring)
MPRegen  0.09/turn              (no ring)

@: very quick
A: large, hooves 3, deformed body, speed 2, tough skin 3
a: no special abilities


You were on level 2 of the Dungeon.
You were not hungry.

You visited 1 branch of the dungeon, and saw 2 of its levels.

You collected 69 gold pieces.

Inventory:

Hand Weapons
 a - a +0 shortbow
 b - a +1 short sword (weapon)
 h - a +0 club
Missiles
 c - 15 sling bullets
 d - 16 arrows (quivered)
Armour
 e - a +0 robe
 g - a +1 leather armour (worn)
 j - a +0 centaur barding (worn)
Jewellery
 i - an uncursed ring of magical power
Comestibles
 f - 2 rations


   Skills:
 + Level 1.2 Fighting
 * Level 0.7 Short Blades
 - Level 3.6 Bows
 + Level 1.5 Dodging
 + Level 1.0 Spellcasting
 + Level 3.1 Hexes


You had 3 spell levels left.
You knew the following spells:

 Your Spells              Type           Power        Failure   Level  Hunger
a - Corona                Hex            #......      11%         1    ##.....

Your spell library contained the following spells:

 Spells                   Type           Power        Failure   Level  Hunger
 Slow                     Hex            #.......     16%         2    ###....
 Inner Flame              Hex/Fire       #.......     52%         3    ####...
 Portal Projectile        Hex/Tloc       #.....       52%         3    ####...
 Cause Fear               Hex            #.........   71%         4    #####..
 Leda's Liquefaction      Hex/Erth       #.........   90%         4    #####..


Dungeon Overview and Level Annotations

Branches:
Dungeon (2/15)

Altars:

Annotations:
D:2 Sigmund


Innate Abilities, Weirdness & Mutations

You have hooves in place of feet.
Armour fits poorly on your strangely shaped body.
You cover ground very quickly.
You have extremely tough skin. (AC +3)


Message History

You hear some strange, mumbled words.
Something tries to affect you, but you resist.
You hit something but do no damage. Something hits you!
You barely miss something.
You hear some strange, mumbled words.
Something tries to affect you, but you resist.
You miss something. Something hits you but does no damage.
You barely miss something. Your kick misses something. Something hits you!
You barely miss something. You miss something. Something hits you.
* * * LOW HITPOINT WARNING * * *
You completely miss something. Your kick misses something.
Something hits you but does no damage.
You hit something but do no damage. Your kick misses something.
You barely miss something. Something hits you but does no damage.
You closely miss something. Your kick misses something. Something hits you.
* * * LOW HITPOINT WARNING * * *
You miss something. You kick something! You barely miss something.
Something hits you.
You die...

..............# #
#...........># #
#..P######.†.#<# #
#...P.P#...#.# #
#............# #
#......#..#.## #
#......#....>. #
#...P..#{.#..## #
#......#@.#...@ #
#.###''###..#...##
#
#...........#...#
### #####.....(.#
.# #.. ##.####.#.
#.# #.# .#. #.#
#.# .#..
#########.# ...
.#.. ........#.#
#.#
.#.#...........#


There were no monsters in sight!

Vanquished Creatures
  2 dart slugs (D:1)
  A leopard gecko (D:1)
  7 goblins
  3 hobgoblins (D:1)
  3 jackals
  4 kobolds
  2 bats (D:2)
  5 rats
  2 toadstools (D:1)
29 creatures vanquished.

Vanquished Creatures (others)
  2 toadstools (D:1)
2 creatures vanquished.

Grand Total: 31 creatures vanquished

Notes
Turn   | Place    | Note
-------+----------+-------------------------------------------
     0 | D:1      | Mickster the Centaur Arcane Marksman began the quest for
                  | the Orb.
     0 | D:1      | Reached XP level 1. HP: 16/16 MP: 2/2
   347 | D:1      | Reached XP level 2. HP: 11/23 MP: 3/3
  1155 | D:1      | Reached XP level 3. HP: 12/28 MP: 4/4
  1506 | D:2      | Noticed Sigmund
  1538 | D:2      | Slain by Sigmund

Illustrated notes

Levels and vault maps discovered:
D:1:      ldierk_water_garden, layout_basic, serial_glass, glass_columns_c,
          glass_columns_c
D:2:      cheibrodos_old_hovel, layout_basic, lemuel_doored_altar, uniq_sigmund

Skill      XL: |  1 |
---------------+----+-----
Bows           | 3 |  3.6
Hexes          | 3 |  3.1
Fighting       | |  1.2
Short Blades   | |  0.7
Dodging        | |  1.5
Spellcasting   | |  1.0

Action                   || total
-------------------------++-------
Melee: Short sword       ||    77
       Kick              ||    11
       Shortbow          ||     1
 Fire: Shortbow          ||    23
  Use: Scroll            ||     6
       Potion            ||     3
  Eat: Ration            ||     1
Armor: Leather armour    ||    21
       Robe              ||     1
       Skin              ||    12
Dodge: Dodged            ||    27
